 Dungeon Crawl Stone Soup version 0.24.0-123-gd5b16e6ec5 (webtiles) character file.

Game seed: 11314183157525304965, levelgen mode: deterministic

2805 Yarickus the Cleaver (level 9, -6/79 HPs)
             Began as a Minotaur Fighter on Jan 2, 2020.
             Mangled by a yak (7 damage)
             ... on level 8 of the Dungeon.
             The game lasted 00:19:25 (4581 turns).

Yarickus the Cleaver (Minotaur Fighter)             Turns: 4581, Time: 00:19:27

Health: -6/79      AC:  8    Str: 28    XL:     9   Next: 44%
Magic:  8/8        EV: 12    Int:  5    God:
Gold:   296        SH:  0    Dex:  7    Spells: 8/8 levels left

rFire    + . .     SeeInvis .   G - +2 battleaxe of Conscience {drain, +Blink Str+4 Dex-3}
rCold    . . .     Gourm    .   (shield currently unavailable)
rNeg     . . .     Faith    .   g - +0 ring mail {rPois}
rPois    +         Spirit   .   (helmet restricted)
rElec    .         Reflect  .   t - +1 cloak {rPois}
rCorr    .         Harm     .   (no gloves)
MR       .....                  (no boots)
Stlth    +.........             p - amulet of regeneration
HPRegen  0.63/turn              i - ring of fire
MPRegen  0.11/turn              j - ring of protection from cold

@: no status effects
A: retaliatory headbutt, horns 2
a: Evoke Blink


You were on level 8 of the Dungeon.
You were not hungry.

You visited 2 branches of the dungeon, and saw 9 of its levels.

You collected 296 gold pieces.

Inventory:

Hand Weapons
 a - a +0 war axe
 v - a +2 vampiric hand axe
 w - a +0 halberd
 G - the +2 battleaxe of Conscience (weapon) {drain, +Blink Str+4 Dex-3}
   (You found it on level 6 of the Dungeon)

   A truly terrible weapon, it drains the life of those it strikes.
   It affects your strength (+4).
   It affects your dexterity (-3).
   It lets you blink.
Armour
 b - a +0 scale mail
 c - a +0 chain mail of fire resistance
 g - a +0 ring mail of poison resistance (worn)
 t - a +1 cloak of poison resistance (worn)
Jewellery
 i - a ring of fire (left hand)
 j - a ring of protection from cold (right hand)
 p - an amulet of regeneration (around neck)
 q - a +3 ring of dexterity {unknown}
 u - a cursed ring of attention {unknown}
 x - an uncursed ring of poison resistance {unknown}
 E - a +6 ring of intelligence {unknown}
 H - an uncursed ring of stealth {unknown}
 K - an uncursed ring of resist corrosion {unknown}
 L - an uncursed amulet of faith {unknown}
Wands
 r - a wand of flame (29)
 B - a wand of paralysis (12)
 F - a wand of iceblast (9)
Scrolls
 e - a scroll of magic mapping {unknown}
 h - 2 scrolls of amnesia {unknown}
 k - 3 scrolls of remove curse
 o - a scroll of enchant armour {unknown}
 y - 2 scrolls of teleportation {unknown}
 A - a scroll of fog {unknown}
 D - a scroll of fear {unknown}
 J - 2 scrolls of identify
Potions
 d - 5 potions of might
 l - 3 potions of brilliance
 m - 2 potions of curing
 n - a potion of heal wounds
 s - a potion of ambrosia
 z - a potion of haste
 C - a potion of agility {unknown}
 I - a potion of resistance {unknown}
 M - a potion of flight {unknown}
Comestibles
 f - 12 rations
 N - 2 chunks of flesh


   Skills:
 + Level 7.1 Fighting
 * Level 12.2 Axes
 + Level 6.8 Armour
 + Level 3.4 Dodging
 + Level 1.1 Stealth
   Level 3.6 Shields


You had 8 spell levels left.
You didn't know any spells.
Your spell library contained the following spells:

 Spells                   Type           Power        Failure   Level  Hunger
 Beastly Appendage        Tmut           #.....       58%         1    ##.....
 Sticks to Snakes         Tmut           #.......     75%         2    ###....
 Spider Form              Tmut/Pois      #.........   92%         3    ####...
 Ice Form                 Ice/Tmut       #.......     100%        4    #####..
 Blade Hands              Tmut           #.........   100%        5    ######.


Dungeon Overview and Level Annotations

Branches:
Dungeon (8/15)             Temple (1/1) D:5            Lair (0/6) D:8

Altars:
Ashenzari
Cheibriados
Dithmenos
Elyvilon
Fedhas
Hepliaklqana
Kikubaaqudgha
Makhleb
Nemelex Xobeh
Qazlal
Sif Muna
Vehumet
Wu Jian
Zin
The Shining One

Shops:
D:5 =[


Innate Abilities, Weirdness & Mutations

You reflexively headbutt those who attack you in melee.
You have a pair of horns on your head.


Message History

* * * LOW HITPOINT WARNING * * *
The basilisk bites the plant!!
The porcupine bites the plant!
The porcupine twitches its whiskers.
The yak gores you but does no damage.
The yak gores the plant but does no damage.
You hit the yak. You drain the yak. Your headbutt misses the yak.
The yak is severely wounded.
You slash the yak! x2; You drain the yak.
You slash the adder!
You kill the adder!
The porcupine bites the plant but does no damage.
The yak gores you but does no damage. x2; The porcupine bites the plant.
The yak gores you!
* * * LOW HITPOINT WARNING * * *
You slice the yak!!
You kill the yak!
You slash the yak! You drain the yak. You closely miss the yak.
You slice the yak!! You drain the yak.
The porcupine bites the plant but does no damage.
The yak gores you!
You die...

... .P........#
P.P..P.P.P.....#
..>P.P.5t......#
.P....♣..P.....#
♣..P.PP.P......#
...P..lYl......#
....PrrY†Y....?≈
.....rPY@†......
..P...P%........
.P...##.<.......
##.......#######
#.####..# #..#
#..# #..# #...


You could see 4 yaks, 2 basilisks, a crocodile, 3 porcupines and a crimson imp.

Vanquished Creatures
  Pikel (D:5)
  A hippogriff (D:4)
  Eustachio (D:4)
  A yak (D:8)
  Menkaure (D:7)
  A porcupine (D:8)
  2 ice beasts
  3 slaves (D:5)
  A phantom (D:7)
  3 ogres
  Blork the orc (D:4)
  2 bullfrogs (D:7)
  3 crimson imps
  A bullfrog zombie (D:6)
  3 hounds
  A centaur skeleton (D:2)
  2 orc priests (D:5)
  Crazy Yiuf (D:4)
  2 iguanas (D:5)
  8 worker ants
  4 orc wizards
  2 killer bee zombies
  2 hound skeletons
  2 worker ant zombies
  8 adders
  4 gnolls (D:4)
  An adder zombie (D:5)
  4 worms
  3 dart slugs
  3 leopard geckos
  19 orcs
  4 giant cockroaches
  6 goblins
  3 hobgoblins
  16 jackals
  2 quokkas
  9 bats
  3 frilled lizards
  10 kobolds
  8 rats
152 creatures vanquished.

Vanquished Creatures (others)
  An ooze (D:4)
1 creature vanquished.

Grand Total: 153 creatures vanquished

Notes
Turn   | Place    | Note
-------+----------+-------------------------------------------
     0 | D:1      | Yarickus the Minotaur Fighter began the quest for the Orb.
     0 | D:1      | Reached XP level 1. HP: 19/19 MP: 0/0
    89 | D:1      | Found a snail-covered altar of Cheibriados.
   223 | D:1      | Reached XP level 2. HP: 27/27 MP: 1/1
   271 | D:1      | Reached skill level 3 in Axes
   829 | D:2      | Reached XP level 3. HP: 27/33 MP: 2/2
   963 | D:2      | Reached XP level 4. HP: 32/41 MP: 3/3
  1033 | D:2      | Reached skill level 4 in Axes
  1394 | D:3      | Reached XP level 5. HP: 47/47 MP: 4/4
  1618 | D:4      | Noticed an ogre
  1623 | D:4      | Reached skill level 5 in Axes
  1631 | D:4      | Killed an ogre
  1631 | D:4      | Reached skill level 1 in Dodging
  1635 | D:4      | Reached XP level 6. HP: 40/55 MP: 5/5
  1635 | D:4      | Reached skill level 6 in Axes
  1670 | D:4      | Noticed Blork the orc
  1679 | D:4      | Killed Blork the orc
  1679 | D:4      | Reached skill level 5 in Fighting
  1751 | D:4      | HP: 1/56 [ogre/+0 giant club (13)]
  1753 | D:4      | Reached skill level 7 in Axes
  1901 | D:4      | Found a runed translucent door.
  1902 | D:4      | Noticed Crazy Yiuf
  1908 | D:4      | Killed Crazy Yiuf
  1908 | D:4      | Reached skill level 5 in Armour
  1997 | D:4      | Reached XP level 7. HP: 61/61 MP: 6/6
  2052 | D:4      | Noticed a hippogriff
  2066 | D:4      | Killed a hippogriff
  2066 | D:4      | Reached skill level 8 in Axes
  2097 | D:4      | Found a stormy altar of Qazlal.
  2147 | D:4      | Noticed Eustachio
  2173 | D:4      | Killed Eustachio
  2232 | D:5      | Entered Level 5 of the Dungeon
  2243 | D:5      | Reached skill level 9 in Axes
  2243 | D:5      | Reached XP level 8. HP: 60/70 MP: 7/7
  2403 | D:5      | Noticed Pikel
  2423 | D:5      | Killed Pikel
  2423 | D:5      | Reached skill level 10 in Axes
  2440 | D:5      | Found Roruosav's Jewellery Shop.
  2797 | D:5      | Found Otorch's Armour Shop.
  2857 | D:5      | Found a shattered altar of Ashenzari.
  2914 | D:5      | Found a staircase to the Ecumenical Temple.
  3481 | Temple   | Entered the Ecumenical Temple
  3516 | Temple   | Became a worshipper of the Shining One
  3771 | D:6      | Got a polished battleaxe
  3772 | D:6      | Identified the +2 battleaxe of Conscience {drain, +Blink
                  | Str+4 Dex-3} (You found it on level 6 of the Dungeon)
  3777 | D:6      | Was placed under penance by the Shining One
  3827 | D:6      | Reached skill level 11 in Axes
  3950 | D:6      | Found a blossoming altar of Fedhas.
  3985 | D:6      | Reached XP level 9. HP: 78/78 MP: 8/8
  4230 | D:7      | Fell from the grace of the Shining One
  4230 | D:7      | Reached skill level 1 in Stealth
  4459 | D:7      | Noticed Menkaure
  4468 | D:7      | Killed Menkaure
  4571 | D:8      | Found a staircase to the Lair.
  4577 | D:8      | Reached skill level 12 in Axes
  4580 | D:8      | HP: 1/79 [yak (14)]
  4581 | D:8      | Mangled by a yak

Levels and vault maps discovered:
D:1:      matt_arrival_los_fun, layout_loops_ring, kennysheep_small_spiral,
          cheibriados_altar_1
D:2:      minmay_spotlight, layout_basic, minmay_misc_feat_tiny
D:3:      layout_loops_ring
D:4:      layout_basic, serial_corexii_hall, corexii_hall_statues_u,
          chequers_hall_statues_corner_a, grunt_qazlal_clouds, uniq_eustachio,
          uniq_crazy_yiuf_cottage, uniq_blork_the_orc
D:5:      layout_layer_cave, minmay_temple_entry_tees, first_ration,
          basic_altar, serial_shops, shop_fountains, shop,
          roderic_serpentine_path, uniq_pikel
D:6:      layout_loops_ring, fedhas_ov_isle_minmay
D:7:      layout_basic, serial_shops, nicolae_shop_behind_doors,
          grunt_ministairs_4, uniq_menkaure
D:8:      layout_rooms, minmay_lair_entry_grove, hangedman_little_slice_of_home,
          uniq_erica
Temple:   grunt_wide_crystal_templ

Skill      XL: |  1  2  3  4  5  6  7  8  9 |
---------------+----------------------------+-----
Armour         | 4 5 6 |  6.8
Axes           | 3 4 5 7 9 11 12 | 12.2
Fighting       | 4 5 6 7 |  7.1
Dodging        | 1 2 3 |  3.4
Stealth        | 1 |  1.1
Shields        | |  3.6

Action                   |  1- 3 |  4- 6 |  7- 9 || total
-------------------------+-------+-------+-------++-------
Melee: War axe           |    75 |    85 |    33 ||   193
       Headbutt          |    15 |    14 |    33 ||    62
       Hand axe          |       |       |   121 ||   121
       Battleaxe         |       |       |    40 ||    40
  Use: Scroll            |     3 |     4 |     3 ||    10
       Potion            |       |     1 |     3 ||     4
  Eat: Ration            |       |     1 |     1 ||     2
       Chunk             |       |       |     5 ||     5
Armor: Scale mail        |     4 |       |       ||     4
       Chain mail        |    32 |       |       ||    32
       Ring mail         |     9 |    35 |    92 ||   136
Dodge: Dodged            |    46 |    61 |   119 ||   226
